 Dungeon Crawl Stone Soup version 0.30-a0-263-ge22c4ad894 (webtiles) character file.

Game seed: 17355418680624988145

91 Sobieck the Ruffian (level 4, -10/43 (45) HPs)
             Began as an Ogre Transmuter on Oct 13, 2022.
             Killed from afar by Ijyb (23 damage)
             ... with a bolt of acid
             ... on level 3 of the Dungeon.
             The game lasted 00:04:30 (2485 turns).

Sobieck the Ruffian (Ogre Transmuter)               Turns: 2485, Time: 00:04:31

HP:   -10/43 (45)   AC:  3    Str: 14    XL:     4   Next: 57%
MP:   0/7           EV:  9    Int: 16    God:
Gold: 172           SH:  0    Dex:  9    Spells: 4/7 levels left

rFire   . . .      SeeInvis .      - Unarmed
rCold   . . .      Faith    .    (no shield)
rNeg    . . .      Spirit   +    a - +0 robe
rPois   .          Reflect  .    (helmet currently unavailable)
rElec   .          Harm     .    (no cloak)
rCorr   .          Rampage  .    (gloves unavailable)
Will    .....                    (boots unavailable)
Stlth   +.........               q - amulet of guardian spirit
HPRegen 0.27/turn                (no ring)
MPRegen 0.10/turn                (no ring)

@: appendages (expiring), lightly drained
A: horns 2, talons 2, large, unfitting armour, tough skin 1
a: End Transformation


You were on level 3 of the Dungeon.
You had temporarily grown beastly horns and talons.
You visited 1 branch of the dungeon, and saw 3 of its levels.

You collected 172 gold pieces.


Innate Abilities, Weirdness & Mutations

You have temporarily grown beastly horns and talons.
You are too large for most types of armour.
You have tough skin. (AC +1)


   Skills:
 - Level 3.0 Fighting
 - Level 1.7 Dodging
 + Level 4.1 Unarmed Combat
 - Level 2.4 Spellcasting
 + Level 2.2 Transmutations


You had 4 spell levels left.
You knew the following spells:

 Your Spells              Type           Power      Damage    Failure   Level
a - Beastly Appendage     Tmut           16%        N/A       9%          1
b - Wereblood             Tmut           8%         N/A       12%         2

Your spell library contained the following spells:

 Spells                   Type           Power      Damage    Failure   Level
 Apportation              Tloc           2%         N/A       21%         1
 Spider Form              Tmut/Pois      5%         N/A       36%         3
 Ice Form                 Ice/Tmut       5%         N/A       77%         4
 Alistair's Intoxication  Tmut/Pois      3%         N/A       98%         5

Inventory:

Hand Weapons
 c - a +0 dagger {short}
   (You took it off a kobold on level 1 of the Dungeon)
 e - a +0 quarterstaff {staff}
   (You found it on level 1 of the Dungeon)
Missiles
 d - 43 stones {throwing}
 l - 18 poisoned darts {throwing}
Armour
 a - a +0 robe (worn)
 g - a +0 robe
   (You found it on level 2 of the Dungeon)
Jewellery
 q - an amulet of guardian spirit (around neck)
   (You found it on level 2 of the Dungeon)
Scrolls
 f - 3 scrolls of identify {unknown}
 h - a scroll of silence {unknown}
 i - a scroll of teleportation {unknown}
 j - 2 scrolls of amnesia {unknown}
 n - a scroll of poison {unknown}
 o - a scroll of magic mapping {unknown}
 p - a scroll of vulnerability {unknown}
 r - a scroll of immolation {unknown}
Potions
 b - 2 potions of lignification {!q}
 k - a potion of cancellation {unknown}
 m - a potion of mutation {unknown}
 s - a potion of might {unknown}

Dungeon Overview and Level Annotations

Branches:
Dungeon (3/15) Zot: 15519

Altars:
Dithmenos

Annotations:
D:3 Ijyb

...#.#....#.##.####...#########
...#...........# #...#
######รท.###.#### #...# #..#
#.# ## #...# #..# #.###.####.##
######..###.##...###.#
.....#.............#.#
####.#.#####.........# .......#
#....@..### ####.###
#.#..gg...... ####.# #
##.##...... ....<# #. #.......
###### .. ........ ... #g###...
.##. ... ... ##


You could see Ijyb and a hobgoblin.


Message History

You are very lightly contaminated with residual magic.
Nothing appears to happen.
You barely miss the quokka. The quokka misses you.
You barely miss the quokka. The quokka closely misses you.
You hit the quokka. The quokka misses you.
You hit the quokka but do no damage. The quokka closely misses you.
You closely miss the quokka. Your punch misses the quokka.
The quokka bites you.
A quokka is nearby!
You grow a pair of large bovine horns.
Your feet morph into talons.
The quokka bites you. The quokka barely misses you.
Unknown command.
You miss the quokka. Your kick misses the quokka. The quokka bites you.
Your magical contamination has completely faded away.
You punch the quokka!
You kill the quokka!
No target in view!
No target in view!
Your transformation is almost over.
Your horns disappear.
Your talons disappear.
r - a scroll labelled GEGIYN NAICLIS Unknown command.
A kobold comes into view.
It is wielding a +0 whip and quivering poisoned darts.
Danger!
You grow a pair of large bovine horns.
Your feet morph into talons.
Unknown command.
The kobold hits you with a +0 whip.
You hit the kobold. Your kick misses the kobold.
The kobold hits you with a +0 whip.
You miss the kobold. You claw the kobold, but do no damage.
The kobold hits you with a +0 whip.
You closely miss the kobold. The kobold hits you with a +0 whip.
You hit the kobold.
You kill the kobold!
No target in view!
Your transformation is almost over.
Your horns disappear.
Your talons disappear.
l - 18 poisoned darts {throwing} (gained 4)
You see here a +0 whip {mace}.
f - 3 scrolls labelled LOCAAL OSURETZ (gained 1)
You see here a +0 whip {mace}.
s - a puce potion Unknown command.
Ijyb the Twisted Goblin comes into view.
She is wielding a +0 club and carrying a wand of acid (14).
Ijyb shouts!
Danger!
You miscast Beastly Appendage.
You are very lightly contaminated with residual magic.
Nothing appears to happen.
Unknown command.
You grow a pair of large bovine horns.
Your feet morph into talons.
Ijyb zaps a wand.
The bolt of acid hits you.
Unknown command.
A hobgoblin and a bat come into view.
The hobgoblin shouts!
The bat moves out of view.
Ijyb closely misses you.
Unknown command.
You hit Ijyb but do no damage. Your headbutt misses Ijyb. You hit Ijyb.
You claw Ijyb, but do no damage. Your headbutt misses Ijyb.
Ijyb barely misses you.
Unknown command.
You hit Ijyb. Your headbutt misses Ijyb. Ijyb hits you with a +0 club.
Unknown command.
You hit Ijyb but do no damage. You claw Ijyb, but do no damage.
Your headbutt misses Ijyb. Ijyb closely misses you.
Your magical contamination has completely faded away.
Unknown command.
You hit Ijyb. You headbutt Ijyb.
Your transformation is almost over.
Ijyb hits you with a +0 club.
The hobgoblin hits you but does no damage.
You hit Ijyb but do no damage. Your kick misses Ijyb. Ijyb barely misses you.
The hobgoblin hits you but does no damage.
Unknown command.
You closely miss Ijyb. Your headbutt misses Ijyb. Ijyb hits you with a +0 club.
The hobgoblin hits you.
Unknown command.
You hit Ijyb. You claw Ijyb. Ijyb hits you with a +0 club.
The hobgoblin hits you.
Unknown command.
You completely miss Ijyb. Your kick misses Ijyb.
Ijyb hits you but does no damage. The hobgoblin barely misses you.
Unknown command.
You hit Ijyb but do no damage. Your kick misses Ijyb.
Your headbutt misses Ijyb.
Ijyb zaps a wand.
The bolt of acid hits you!
* * * LOW HITPOINT WARNING * * *
The hobgoblin hits you.
You closely miss Ijyb. Your kick misses Ijyb. Ijyb closely misses you.
The hobgoblin hits you but does no damage.
Unknown command.
You hit Ijyb but do no damage. You claw Ijyb, but do no damage.
Your headbutt misses Ijyb.
Ijyb zaps a wand.
The bolt of acid hits you!!
Ouch! That really hurt!
You die...

Skill      XL: |  1  2  3  4 |
---------------+-------------+-----
Transmutations | 2 |  2.2
Fighting       | 2 3 |  3.0
Unarmed Combat | 3 4 |  4.1
Dodging        | |  1.7
Spellcasting   | |  2.4

Action                   |  1- 3 |  4- 6 || total
-------------------------+-------+-------++-------
Melee: Unarmed           |   121 |    37 ||   158
       Kick              |    18 |     8 ||    26
       Headbutt          |     6 |     6 ||    12
 Cast: Beastly Appendage |    16 |     6 ||    22
       Wereblood         |     1 |       ||     1
 Stab: Sleeping          |     3 |       ||     3
Armor: Robe              |    21 |     6 ||    27
Dodge: Dodged            |    47 |    27 ||    74

Levels and vault maps discovered:
D:1:      tarquinn_simple_flora_water_f, layout_loops_ring,
          shapermc_ecumenical_altar_mp_ritualfount, st_stairs_1
D:2:      layout_basic, basic_altar, hangedman_decor_opposing
D:3:      layout_loops_cross, kennysheep_generic_room_8, uniq_ijyb

Notes
Turn   | Place    | Note
-------+----------+-------------------------------------------
     0 | D:1      | Sobieck the Ogre Transmuter began the quest for the Orb.
     0 | D:1      | Reached XP level 1. HP: 19/19 MP: 3/3
   104 | D:1      | Reached skill level 2 in Transmutations
   105 | D:1      | Reached skill level 2 in Fighting
   105 | D:1      | Reached XP level 2. HP: 17/28 MP: 3/5
   213 | D:1      | Found a faded altar of an unknown god.
   265 | D:1      | Reached skill level 3 in Unarmed Combat
   379 | D:1      | Reached XP level 3. HP: 33/36 MP: 6/6
   382 | D:1      | Learned a level 2 spell: Wereblood
   911 | D:2      | Reached skill level 3 in Fighting
  1291 | D:2      | Found a shadowy altar of Dithmenos.
  1335 | D:2      | You pick up a book of Party Tricks and begin reading...
  1335 | D:2      | You add the spells Apportation and Alistair's Intoxication
                  | to your library.
  1848 | D:2      | Reached XP level 4. HP: 20/45 MP: 2/7
  2110 | D:2      | Reached skill level 4 in Unarmed Combat
  2112 | D:2      | HP: 10/42 [gnoll/+0 club (3)]
  2469 | D:3      | Noticed Ijyb
  2485 | D:3      | Killed from afar by Ijyb

Vanquished Creatures
  4 gnolls (D:2)
  A dart slug (D:1)
  2 ball pythons (D:2)
  A bat (D:1)
  7 endoplasms
  5 hobgoblins
  3 jackals (D:2)
  8 kobolds
  3 quokkas
  6 frilled lizards
  10 rats
50 creatures vanquished.

Table legend:
 A = Non-vault XP
 B = Vault XP
 C = Vault XP percentage of total XP
 D = Non-vault monster count
 E = Vault monster count
 F = Vault count percentage of total count
                 A         B        C        D         E       F
            +---------+---------+-------+---------+---------+-------
      Total |     127 |       3 |   2.3 |      48 |       2 |   4.0
            +---------+---------+-------+---------+---------+-------
        D:1 |      38 |       3 |   7.3 |      23 |       2 |   8.0
        D:2 |      85 |       0 |   0.0 |      22 |       0 |   0.0
        D:3 |       4 |       0 |   0.0 |       3 |       0 |   0.0
            +---------+---------+-------+---------+---------+-------

Illustrated notes

Table legend:
 A = Kills in this place as a percentage of kills in entire the game.
 B = Kills by you in this place as a percentage of kills by you in the entire game.
 C = Kills by friends in this place as a percentage of kills by friends in the entire game.
 D = Other kills in this place as a percentage of other kills in the entire game.
 E = Experience gained in this place as a percentage of experience gained in the entire game.
 F = Experience gained in this place divided by the number of levels of this place that you have seen.
                   A       B       C       D       E      F
               +-------+-------+-------+-------+-------+----------------------
         Total | 100.0 | 100.0 |   N/A |   N/A | 100.0 |  43.3
       Dungeon | 100.0 | 100.0 |   N/A |   N/A | 100.0 |  43.3
               +-------+-------+-------+-------+-------+----------------------

Table legend: (Time is in decaauts)
 A = Elapsed time spent in this place.
 B = Non-inter-level travel time spent in this place.
 C = Inter-level travel time spent in this place.
 D = Time resting spent in this place.
 E = Time spent auto-exploring this place.
 F = Levels seen in this place.
 G = Mean time per level.
                   A        B        C        D        E       F      G
               +--------+--------+--------+--------+--------+-----+--------+
         Total |   2479 |   2434 |     45 |    459 |   1545 |   3 |  826.3 |
       Dungeon |   2479 |   2434 |     45 |    459 |   1545 |   3 |  826.3 |
               +--------+--------+--------+--------+--------+-----+--------+

Top non-repeatable levels by time:
     D:2: 1373 daAuts
     D:1: 810 daAuts
     D:3: 294 daAuts
